 Dungeon Crawl Stone Soup version 0.31-a0-977-gc230f8ef24 (webtiles) character file.

Game seed: 14464691321317931577

485 Gladio the Ruffian (level 7, 0/85 HPs)
             Began as a Meteoran Shapeshifter on Oct 29, 2023.
             Slain by a gnoll sergeant
             ... wielding a +1 trident of freezing
              (2 damage)
             ... on level 5 of the Dungeon.
             The game lasted 00:05:02 (2667 turns).

Gladio the Ruffian (Meteoran Shapeshifter)          Turns: 2667, Time: 00:05:02

Health: 0/85       AC: 23    Str: 18    XL:     7   Next: 62%
Magic:  8/8        EV:  2    Int: 11    God:
Gold:   262        SH:  0    Dex: 14    Spells: 6/6 levels left

rFire   . .          .
                       - Unarmed
rCold   . . .        (no shield)
rNeg    . . .        t - melded +3 ring mail of Puavisir {Harm rCorr Slay-2}
rPois   +            (helmet currently unavailable)
rElec   .            (cloak currently unavailable)
rCorr   .            (gloves currently unavailable)
SInv    .            (boots currently unavailable)
Will    .....        C - amulet of the acrobat
Stlth   +            (no ring)
HPRegen 0.34/turn    (no ring)
MPRegen 0.11/turn

%: acrobat
@: tree-form, glowing
A: stationary, stasis, torment immunity, boosted hp, sense surroundings 1,
otherworldly, glowing, explore regen
a: no special abilities


You were on level 5 of the Dungeon.
You were a tree.
You visited 1 branch of the dungeon, and saw 5 of its levels.

You collected 316 gold pieces.
You spent 54 gold pieces at shops.

Inventory:

Missiles
 h - 6 curare-tipped darts
Armour
 a - a +0 animal skin
 l - a +0 plate armour
 q - a +0 ring mail
 t - the +3 ring mail of Puavisir (melded) {Harm rCorr Slay-2}
   (You found it on level 3 of the Dungeon)

   Slay-2:    It affects your accuracy & damage with ranged weapons and melee
   (-2).
   rCorr:     It protects you from acid and corrosion.
   Harm:      It increases damage dealt and taken.
 w - a +0 helmet
 z - a +0 pair of boots
Jewellery
 C - an amulet of the acrobat (around neck)
Talismans
 c - a beast talisman
 d - a flux talisman
 x - a maw talisman
Wands
 m - a wand of iceblast (9)
 p - a wand of flame (12)
 B - a wand of mindburst (10)
Scrolls
 e - 2 scrolls of identify {unknown}
 f - a scroll of amnesia {unknown}
 i - a scroll of fear {unknown}
 j - 4 scrolls of noise {unknown}
 n - a scroll of fog {unknown}
 o - a scroll of vulnerability {unknown}
 r - a scroll of revelation {unknown}
 u - a scroll of butterflies {unknown}
 y - a scroll of enchant weapon {unknown}
Potions
 g - a potion of cancellation {unknown}
 k - a potion of attraction {unknown}
 s - a potion of curing {unknown}
 v - 3 potions of berserk rage {unknown}
 A - a potion of magic {unknown}


   Skills:
 + Level 3.4 Fighting
 - Level 2.0 Armour
 + Level 3.3 Dodging
 * Level 6.6 Unarmed Combat
 + Level 5.1 Shapeshifting


You had 6 spell levels left.
You didn't know any spells.
Your spell library contained the following spells:

 Spells                   Type           Power      Damage    Failure   Level
 Foxfire                  Conj/Fire      0%         2x1d4     34%         1
 Necrotise                Necr           0%         1d4       34%         1
 Vampiric Draining        Necr           0%         2d6       71%         3
 Agony                    Necr           0%         N/A       100%        5
 Plasma Beam              Fire/Air       0%         2x1d10    100%        6
 Starburst                Conj/Fire      0%         6d3       100%        6


Dungeon Overview and Level Annotations

Branches:
Dungeon (5/15) Zot: 355
 Temple: D:4-7

Altars:
Gozag
Nemelex Xobeh
Okawaru
Qazlal
The Shining One

Shops:
D:3 [

Annotations:
D:5 1 transporter


Innate Abilities, Weirdness & Mutations

You are a tree.
Your roots penetrate the ground, keeping you stationary.
You cannot be teleported.
You are immune to unholy pain and torment.
Your maximum health is greatly increased.
Your equipment is partially melded.
You passively map a small area around you.
You are easily found by Zot.
You glow in the dark.
You regain HP and MP as you explore.


Message History

The gnoll hits you but does no damage. x2
You hit the gnoll.
You kill the gnoll!
You hit the gnoll but do no damage.
The gnoll sergeant hits you from afar with a +1 trident of freezing.
* * * LOW HITPOINT WARNING * * *
The gnoll sergeant freezes you.
* * * LOW HITPOINT WARNING * * *
The gnoll hits you but does no damage. x2
You smack the gnoll!
The gnoll is heavily wounded.
The gnoll sergeant hits you but does no damage.
The gnoll hits you with a +0 flail.
* * * LOW HITPOINT WARNING * * *
The gnoll hits you but does no damage.
You hit the gnoll but do no damage.
The gnoll is heavily wounded.
The gnoll sergeant hits you but does no damage.
The gnoll hits you but does no damage. x2
You smack the gnoll!
You kill the gnoll!
The gnoll sergeant hits you but does no damage.
The gnoll hits you with a +0 flail.
* * * LOW HITPOINT WARNING * * *
You pummel the gnoll!!
You kill the gnoll!
The gnoll sergeant hits you from afar with a +1 trident of freezing.
* * * LOW HITPOINT WARNING * * *
The gnoll sergeant freezes you.
* * * LOW HITPOINT WARNING * * *
Unknown command.
Aiming: Iceblast
Press: ? - help, Q - select action, (/) - cycle Shift-Dir - straight line The mass of ice explodes!
The iceblast engulfs the gnoll sergeant.
The gnoll sergeant is lightly wounded.
The gnoll sergeant hits you from afar with a +1 trident of freezing!
* * * LOW HITPOINT WARNING * * *
The gnoll sergeant freezes you.
You die...

#...........#######'##..#,*
#...........#....#.....## ,
#...........#....#.....#
#...........#....#)..#.#,_.#.
#...........#....)...#.# ..#.
#......>....#....#)....##.##.
#...........##########..#.#..
##########..........###.#.#..
#.)♣)......#>..#.#..
#.).)......#...#'#..
#..g.......#........
#..........#...#....
#..........#...#....
#..........#...#....
#..........#...###'#
###'##.....#>....... ,
#........


You could see a gnoll sergeant.

Vanquished Creatures
  An ice beast (D:5)
  A howler monkey (D:5)
  2 hounds
  Terence (D:2)
  An orc wizard (D:5)
  8 gnolls
  6 adders
  2 ufetubi (D:5)
  A worm (D:2)
  2 dart slugs
  14 orcs
  4 bats
  7 endoplasms
  5 giant cockroaches
  11 goblins
  2 hobgoblins (D:1)
  4 jackals (D:4)
  2 quokkas (D:3)
  4 ball pythons
  A frilled lizard (D:1)
  2 kobolds
  9 rats
90 creatures vanquished.

Notes
Turn   | Place    | Note
-------+----------+-------------------------------------------
     0 | D:1      | Gladio the Meteoran Shapeshifter began the quest for the
                  | Orb.
     0 | D:1      | Reached XP level 1. HP: 16/16 MP: 2/2
    85 | D:1      | Reached XP level 2. HP: 19/23 MP: 3/3
   266 | D:1      | Reached skill level 4 in Unarmed Combat
   498 | D:1      | Reached XP level 3. HP: 25/28 MP: 4/4
   502 | D:1      | Glimpsed the power of Zot.
   552 | D:1      | Glimpsed the power of Zot.
   715 | D:2      | Reached XP level 4. HP: 36/36 MP: 5/5
   739 | D:2      | Found an iron altar of Okawaru.
   902 | D:2      | Noticed Terence
   912 | D:2      | Killed Terence
   913 | D:2      | Reached XP level 5. HP: 31/41 MP: 6/6
  1105 | D:2      | Glimpsed the power of Zot.
  1155 | D:2      | Glimpsed the power of Zot.
  1193 | D:3      | Reached skill level 1 in Armour
  1215 | D:3      | Reached skill level 5 in Unarmed Combat
  1440 | D:3      | Identified the +3 ring mail of Puavisir {Harm rCorr Slay-2}
  1665 | D:3      | Found Ituav's Armour Boutique.
  1672 | D:3      | Bought a +0 helmet for 54 gold pieces
  1704 | D:3      | Reached XP level 6. HP: 50/50 MP: 7/7
  2259 | D:4      | Found the +5 Force Lance {heavy, knockback}
  2316 | D:4      | Glimpsed the power of Zot.
  2354 | D:4      | Found a stormy altar of Qazlal.
  2366 | D:4      | Glimpsed the power of Zot.
  2406 | D:4      | Glimpsed the power of Zot.
  2408 | D:5      | Entered Level 5 of the Dungeon
  2448 | D:5      | Found a sparkling altar of Nemelex Xobeh.
  2448 | D:5      | Found a transporter.
  2448 | D:5      | Noticed a vampire mosquito
  2449 | D:5      | Noticed a shadow
  2515 | D:5      | Found a glowing golden altar of the Shining One.
  2552 | D:5      | Reached skill level 6 in Unarmed Combat
  2552 | D:5      | Reached XP level 7. HP: 57/57 MP: 8/8
  2581 | D:5      | Found an opulent altar of Gozag.
  2627 | D:5      | Reached skill level 5 in Shapeshifting
  2667 | D:5      | HP: 2/85 [gnoll sergeant/+1 trident of freezing (10)]
  2667 | D:5      | Slain by a gnoll sergeant

Illustrated notes

Levels and vault maps discovered:
D:1:      psy_arrival_terrarium, layout_basic, hex_intersection, fountainhead,
          minmay_pentomino_q4
D:2:      layout_loops_ring, basic_altar, kennysheep_another_room, uniq_terence
D:3:      minmay_chambers_of_twos, layout_loops_cross, serial_shops, shop
D:4:      layout_cave_pods, marbit_many_paths, nicolae_qazlal_scattered_showers
D:5:      layout_gridville, tso_oasis_becter, grunt_nemelex_the_gamble,
          mainiacjoe_overflow_surrounded_room

Skill      XL: |  1  2  3  4  5  6  7 |
---------------+----------------------+-----
Unarmed Combat | 4 5 6 |  6.6
Shapeshifting  | 4 5 |  5.1
Fighting       | 2 3 |  3.4
Armour         | 1 2 |  2.0
Dodging        | 3 |  3.3

Action                     |  1- 3 |  4- 6 |  7- 9 || total
---------------------------+-------+-------+-------++-------
  Melee: Unarmed           |    54 |   149 |    43 ||   246
         Punch             |     1 |     4 |     3 ||     8
  Evoke: Wand              |       |       |     1 ||     1
    Use: Potion            |       |       |     1 ||     1
 Armour: Animal skin       |    13 |       |       ||    13
         Plate armour      |     4 |    24 |       ||    28
         Ring mail         |       |    95 |    25 ||   120
         Skin              |       |       |    26 ||    26
  Dodge: Dodged            |    23 |   117 |    19 ||   159

Table legend: (Time is in decaauts)
 A = Elapsed time spent in this place.
 B = Non-inter-level travel time spent in this place.
 C = Inter-level travel time spent in this place.
 D = Time resting spent in this place.
 E = Time spent auto-exploring this place.
 F = Levels seen in this place.
 G = Mean time per level.
                   A        B        C        D        E       F      G
               +--------+--------+--------+--------+--------+-----+--------+
         Total |   2643 |   2480 |    163 |      0 |   1990 |   5 |  528.6 |
       Dungeon |   2643 |   2480 |    163 |      0 |   1990 |   5 |  528.6 |
               +--------+--------+--------+--------+--------+-----+--------+

Top non-repeatable levels by time:
     D:3: 669 daAuts
     D:2: 576 daAuts
     D:1: 575 daAuts
     D:4: 570 daAuts
     D:5: 252 daAuts
